AoeStats
← blaswichj

Fortress

510345579Analyzed
1v1 RM · 2d ago on Sep 30, 2026· 46m 59s· 2 players
Game mode
Random Map
Map size
Small (3 player)
Population
200
Speed
Normal
Resources
Standard
Victory
Conquest
Starting age
Dark Age
Ending age
Imperial Age
RankedLock teamsTeams togetherTeam positionsShared explorationLock speedFull tech treeHidden civsTurbo modeCheats
Victory
Defeat
🇨🇿 Bohemians · Czechia
706
+16
🇻🇪 Persians · Venezuela
702
-34
blaswichj
1:48 Loom
6:56 Feudal Age
13:11 Castle Age
11:49 Loom
12:55 Double-Bit Axe
12:53 Horse Collar
13:07 Gold Mining
13:15 Stone Mining
14:36 Wheelbarrow
13:51 Town Watch
14:14 Heavy Plow
14:27 Bow Saw
17:50 Gold Shaft Mining
20:10 Hand Cart
22:50 Town Patrol
25:31 Imperial Age
24:15 Town Patrol
25:02 Stone Shaft Mining
24:50 Forging
24:48 Scale Barding Armor
28:18 Kamandaran
28:40 Conscription
28:25 Husbandry
29:26 Iron Casting
29:12 Chain Barding Armor
29:13 Cavalier
32:12 Blast Furnace
31:48 Plate Barding Armor
31:02 Savar
38:55 Bloodlines
38:31 Onager
ChembasCZ
8:35 Feudal Age
9:15 Double-Bit Axe
9:13 Horse Collar
13:33 Castle Age
16:44 Bow Saw
17:07 Heavy Plow
18:39 Fletching
18:51 Padded Archer Armor
24:36 Leather Archer Armor
24:17 Bodkin Arrow
27:11 Imperial Age
26:13 Crossbowman
27:54 Bracer
29:07 Arbalester
34:34 Ring Archer Armor
35:14 Ballistics
37:44 Chemistry
36:53 Elite Hussite Wagon
38:42 Wheelbarrow
37:54 Loom
37:55 Town Watch
38:17 Scale Mail Armor
40:37 Wagenburg Tactics
40:38 Hussite Reforms
40:49 Forging
41:01 Masonry
43:19 Squires
43:05 Arson
42:41 Pikeman
44:15 Halberdier
Connection lost

Rejoining the realm…

Still unreachable

The connection could not be restored.

Session expired

The server has moved on; the page needs a fresh start.